 Dungeon Crawl Stone Soup version 0.19.0-11-g3fc08b3 (webtiles) character file.

55 Chiseanne the Magician (level 3, -6/24 HPs)
             Began as a Demonspawn Wizard on Nov 9, 2016.
             Mangled by a gnoll
             ... wielding a +0 halberd
              (15 damage)
             ... on level 2 of the Dungeon.
             The game lasted 00:02:50 (2238 turns).

Chiseanne the Magician (Demonspawn Wizard)          Turns: 2238, Time: 00:02:50

Health: -6/24      AC:  4    Str:  7    XL:     3   Next: 67%
Magic:  0/8        EV: 12    Int: 20    God:
Gold:   58         SH:  0    Dex: 13    Spells: 1 memorised, 8 levels left

rFire  . . .     SeeInvis .     m - +1 dagger (venom)
rCold  . . .     Gourm    .     a - +0 robe
rNeg   . . .     Faith    .     (no shield)
rPois  .         Spirit   .     h - +0 helmet
rElec  .         Reflect  .     (no cloak)
rCorr  .         Harm     .     s - +0 pair of gloves
MR     .....                    (no boots)
Stlth  ++........               (no amulet)
                                (no ring)
                                (no ring)

@: no status effects
A: thin skeletal structure 1
a: no special abilities


You were on level 2 of the Dungeon.
You were not hungry.

You visited 1 branch of the dungeon, and saw 2 of its levels.

You collected 58 gold pieces.

Inventory:

Hand Weapons
 m - a +1 dagger of venom (weapon)
Missiles
 e - 51 stones (quivered)
 n - 20 arrows
 r - 18 bolts
Armour
 a - a +0 robe (worn)
 h - a +0 helmet (worn)
 o - +0 ice dragon scales
 s - a +0 pair of gloves (worn)
Jewellery
 f - a +2 amulet of reflection {unknown}
Scrolls
 g - 3 scrolls of fear {unknown}
 i - 3 scrolls of identify {unknown}
 j - a scroll of teleportation {unknown}
 k - a scroll of enchant armour {unknown}
 p - a scroll of blinking {unknown}
 t - a scroll of magic mapping {unknown}
Potions
 q - 2 potions of curing {unknown}
Books
 c - a book of Minor Magic

   Spells                             Type                      Level
   a - Magic Dart                     Conjuration                  1
   b - Blink                          Translocation                2
   c - Call Imp                       Summoning                    2
   d - Repel Missiles                 Charms/Air                   2
   e - Slow                           Hexes                        2
   f - Conjure Flame                  Conjuration/Fire             3
   g - Mephitic Cloud                 Conjuration/Poison/Air       3
Comestibles
 b - a chunk of flesh
 d - 2 bread rations
 l - a royal jelly


   Skills:
 - Level 1.7 Dodging
 - Level 1.7 Stealth
 * Level 3.8 Spellcasting
 * Level 2.5 Conjurations
   Level 1.0 Summonings
   Level 0.8 Translocations


You had 8 spell levels left.
You knew the following spells:

 Your Spells              Type           Power        Failure   Level  Hunger
a - Magic Dart            Conj           ##..         4%          1    None


Dungeon Overview and Level Annotations

Branches:
Dungeon (2/15)

Altars:


Innate Abilities, Weirdness & Mutations

You have a somewhat thin skeletal structure. (Dex +2, Stealth)


Message History

The adder closely misses you.
You kill the adder!
The gnoll misses you.
Casting: Magic Dart
Confirm with . or Enter, or press ? or * to list all spells.
Aiming: Magic Dart
Press: ? - help, Shift-Dir - straight line, f/p - gnoll
Aim: a gnoll, wielding a halberd (severely wounded)
The magic dart hits the gnoll.
The gnoll is almost dead.
Casting: Magic Dart
Confirm with . or Enter, or press ? or * to list all spells.
Aiming: Magic Dart
Press: ? - help, Shift-Dir - straight line, f/p - gnoll
Aim: a gnoll, wielding a halberd (almost dead)
The magic dart hits the gnoll.
The gnoll is almost dead.
The gnoll hits you from afar with a halberd!
Ouch! That really hurt!
You die...

#.# #.#####
##.###g....##
#....g.....'..
##g##......##.
#g##......#
#g##......#
#g##......#
#.##......#
#@##>.....# #
#.##......##.####.
#.........).......
####.#######..#...
#)# .>... #.#
####..##.. #.#
#.....# .
#.####.....#
#.##.......#


You could see 4 gnolls.

Vanquished Creatures
  An adder (D:2)
  2 leopard geckos
  4 bats
  2 giant cockroaches
  15 goblins
  2 hobgoblins
  A quokka (D:2)
  A ball python (D:1)
  2 frilled lizards (D:1)
  4 kobolds (D:1)
  7 rats
41 creatures vanquished.

Notes
Turn   | Place    | Note
-------+----------+-------------------------------------------
     0 | D:1      | Chiseanne the Demonspawn Wizard began the quest for the Orb.
     0 | D:1      | Reached XP level 1. HP: 13/13 MP: 4/4
   478 | D:1      | Gained mutation: You have a somewhat thin skeletal structure. (Dex +2, Stealth) [demonic ancestry]
   478 | D:1      | Reached XP level 2. HP: 19/19 MP: 0/6
  1546 | D:2      | Reached XP level 3. HP: 24/24 MP: 1/7
  2238 | D:2      | Mangled by a gnoll

Skill      XL: |  1  2 |
---------------+-------+-----
Conjurations   | 2 |  2.5
Dodging        | |  1.7
Stealth        | |  1.7
Spellcasting   | |  3.8
Summonings     | |  1.0
Translocations | |  0.8

Action                   || total
-------------------------++-------
Melee: Unarmed           ||     1
       Dagger            ||     6
 Cast: Magic Dart        ||    93
  Eat: Chunk             ||     4
Armor: Robe              ||     8
Dodge: Dodged            ||    17
